Map: Cyber Forest LE

Players

Rath - Winner!

  • Race: Terran Terran
  • League: Master
  • Spawn Location: 11:00

A.I. 1 (Very Easy)

  • Race: Terran Terran
  • Spawn Location: 5:00

VOD

Have the link to the VOD?

Description

Time

  • Played on: Feb. 26, 2019, 10:49 p.m.
  • Length: 5:04
Show
View Real Time Build Order
Export as new Build Order

Rath Terran - Winner!

Build Orders:  

Get SALT Encoding   

  12  0:00  SCV  
  13  0:13  SCV  
  14  0:17  Supply Depot  
  14  0:25  SCV  
  15  0:39  SCV  
  15  0:40  Barracks  
  16  0:47  Refinery  
  16  0:51  SCV  
  16  0:56  Refinery  
  17  1:03  SCV  
  18  1:15  SCV  
  19  1:27  Orbital Command, Marine  
  20  1:35  Factory  
  20  1:42  Supply Depot  
  20  1:45  Marine  
  21  1:53  SCV  
  22  2:03  Marine  
  22  2:05  SCV  
  24  2:17  SCV  
  24  2:19  Factory Tech Lab  
  24  2:21  Marine  
  26  2:27  Supply Depot  
  26  2:31  SCV  
  27  2:37  Siege Tank  
  27  2:38  Starport  
  27  2:40  Barracks Reactor  
  30  2:46  SCV  
  31  2:54  Supply Depot  
  31  2:58  SCV  
  32  3:09  Siege Tank  
  32  3:10  SCV  
  36  3:23  SCV  
  36  3:25  Viking x2  
  41  3:34  Supply Depot  
  41  3:35  SCV  
  42  3:47  SCV  
  43  4:01  Viking x2  
  47  4:06  SCV  
  47  4:09  Supply Depot  
  48  4:18  SCV  
  53  4:46  SCV  
Show
View Real Time Build Order
Export as new Build Order

A.I. 1 (Very Easy) Terran 

Build Orders:  

Get SALT Encoding   

  12  0:00  SCV  
  13  0:13  SCV  
  14  0:18  Supply Depot  
  14  0:38  Refinery  
  14  0:44  Barracks  
  14  1:03  Supply Depot  
  14  1:12  Refinery  
  14  1:30  Marine  
  15  1:33  Orbital Command  
  15  1:59  SCV  
  16  2:12  Marine, SCV  
  18  2:24  SCV  
  19  2:31  Barracks Tech Lab  
  19  2:36  SCV  
  20  2:48  SCV  
  21  2:54  Marauder  
  23  3:00  SCV  
  24  4:34  Marine  
  24  4:35  Supply Depot  
  23  4:39  SCV  
  16  4:51  SCV  
Tags
 
League
Master
Matchup
TvT
Race
Terran
Spawn Locations
Cross Positions
Add a new tag
Caveats
  • Supply blocks, unpowered buildings, or Contaminate may cause inaccurate times.
  • Supply counts are checked every 10 seconds.